 Dungeon Crawl Stone Soup version 0.28.0 (webtiles) character file.

Game seed: 17832694427144570895

46 zazu2006 the Magician (level 3, -1/28 HPs)
             Began as a Naga Hedge Wizard on Feb 12, 2022.
             Slain by a gnoll (3 damage)
             ... on level 2 of the Dungeon.
             The game lasted 00:02:50 (1630 turns).

zazu2006 the Magician (Naga Hedge Wizard)           Turns: 1630, Time: 00:02:51

Health: -1/28      AC:  2    Str: 12    XL:     3   Next: 66%
Magic:  4/8        EV:  9    Int: 16    God:
Gold:   46         SH:  0    Dex: 10    Spells: 8/9 levels left

rFire   . . .      SeeInvis +   a - +0 dagger
rCold   . . .      Faith    .   (no shield)
rNeg    . . .      Spirit   .   g - +0 leather armour
rPois   +          Reflect  .   c - +0 hat
rElec   .          Harm     .   (no cloak)
rCorr   .          Rampage  .   (no gloves)
Will    .....                   (no barding)
Stlth   ++........              (no amulet)
HPRegen 0.09/turn               (no ring)
MPRegen 0.11/turn               (no ring)

@: short of breath, very slow
A: AC +1, large, see invisible, deformed body, poison resistance, slowness 2,
spit poison 1, naga tail 1
a: Spit Poison


You were on level 2 of the Dungeon.
You visited 1 branch of the dungeon, and saw 2 of its levels.

You collected 46 gold pieces.

Inventory:

Hand Weapons
 a - a +0 dagger (weapon)
Armour
 b - a +0 robe
 c - a +0 hat (worn)
 g - a +0 leather armour (worn)
Scrolls
 d - a scroll of magic mapping {unknown}
 e - 2 scrolls of identify {unknown}
 f - 2 scrolls of fog {unknown}
 h - a scroll of fear {unknown}


   Skills:
 + Level 1.9 Dodging
 + Level 3.6 Stealth
 + Level 3.8 Spellcasting
 + Level 1.4 Conjurations
 + Level 1.0 Summonings
 + Level 1.0 Translocations


You had 8 spell levels left.
You knew the following spells:

 Your Spells              Type           Power      Damage    Failure   Level
a - Magic Dart            Conj           28%        1d4       12%         1

Your spell library contained the following spells:

 Spells                   Type           Power      Damage    Failure   Level
 Slow                     Hex            12%        N/A       22%         1
 Blink                    Tloc           12%        N/A       22%         2
 Call Imp                 Summ           6%         N/A       22%         2
 Conjure Flame            Conj/Fire      5%         6-21      45%         3
 Mephitic Cloud           Conj/Pois/Air  4%         N/A       47%         3
 Animate Armour           Summ/Erth      8%         N/A       87%         4
 Blade Hands              Tmut           1%         N/A       99%         5
 Iron Shot                Conj/Erth      2%         9d2       100%        6


Dungeon Overview and Level Annotations

Branches:
Dungeon (2/15)

Altars:


Innate Abilities, Weirdness & Mutations

Your serpentine skin is tough. (AC +1)
You have supernaturally acute eyesight. (SInv)
Armour fits poorly on your strangely shaped body.
Your system is resistant to poisons. (rPois)
You cover ground very slowly.
You can spit poison.
You have a snake-like lower body.


Message History

The gnoll is heavily wounded.
The gnoll hits you from afar with a +0 spear.
Casting: Magic Dart (safe; 12% risk of failure)
Confirm with . or Enter, or press ? or * to list all spells.
Aiming: Magic Dart (safe; 12% risk of failure)
Press: ? - help, Shift-Dir - straight line, f/p - gnoll
Aim: a gnoll, wielding a +0 spear (heavily wounded, 100% to hit)
The magic dart hits the gnoll but does no damage.
The gnoll is heavily wounded.
The gnoll hits you from afar with a +0 spear.
Casting: Magic Dart (safe; 12% risk of failure)
Confirm with . or Enter, or press ? or * to list all spells.
Aiming: Magic Dart (safe; 12% risk of failure)
Press: ? - help, Shift-Dir - straight line, f/p - gnoll
Aim: a gnoll, wielding a +0 spear (heavily wounded, 100% to hit)
Okay, then.
You have got your breath back.
The gnoll hits you from afar with a +0 spear.
The gnoll hits you but does no damage.
Aiming: Spit Poison (2% risk of failure)
Press: ? - help, Shift-Dir - straight line, f/p - gnoll
Aim: a gnoll, wielding a +0 spear (heavily wounded, 65% to hit)
The splash of poison hits the gnoll but does no damage.
The gnoll is heavily wounded.
The gnoll barely misses you.
You have got your breath back.
The gnoll hits you from afar with a +0 spear.
* * * LOW HITPOINT WARNING * * *
The gnoll hits you from afar with a +0 spear.
* * * LOW HITPOINT WARNING * * *
The gnoll hits you from afar with a +0 spear.
* * * LOW HITPOINT WARNING * * *
You aren't carrying any potions.
Aiming: Spit Poison (2% risk of failure)
Press: ? - help, Shift-Dir - straight line, f - gnoll
Aim: a gnoll, wielding a +0 whip (65% to hit)
The splash of poison hits the gnoll.
The gnoll is lightly wounded.
The gnoll hits you with a +0 whip.
You die...

.....##............#
.....##............# .#
.....##............# ...
.....###)####.##.###....
.....##.)..##g##.###....
.....##.g#.##.g.........
........†#.#####........
.......................#
...###.........#@...##.#
...# ##.#....gg#g...##..
...####.#......#g.......
........................
.....##.####...#.......#.
........# #...#....###..
........#######..........
........#.....#..........
..............#..........


You could see 2 gnolls.

Vanquished Creatures
  2 gnolls (D:2)
  A dart slug (D:1)
  5 ball pythons
  2 endoplasms (D:2)
  4 goblins
  A hobgoblin (D:1)
  4 kobolds
  A quokka (D:1)
  2 bats (D:1)
  2 frilled lizards
  A rat (D:2)
25 creatures vanquished.

Notes
Turn   | Place    | Note
-------+----------+-------------------------------------------
     0 | D:1      | zazu2006 the Naga Hedge Wizard began the quest for the Orb.
     0 | D:1      | Reached XP level 1. HP: 15/15 MP: 4/4
    61 | D:1      | Found a faded altar of an unknown god.
   407 | D:1      | Reached XP level 2. HP: 18/22 MP: 3/6
   684 | D:1      | HP: 1/22 [hobgoblin (3)]
  1452 | D:2      | Reached XP level 3. HP: 28/28 MP: 5/8
  1630 | D:2      | Slain by a gnoll

Illustrated notes

Levels and vault maps discovered:
D:1:      heliophobic_arrival_henge, layout_basic, basic_ecumenical_altar
D:2:      layout_basic

Action                   || total
-------------------------++-------
Melee: Dagger            ||     5
 Cast: Magic Dart        ||    51
 Abil: Spit Poison       ||    16
Armor: Leather armour    ||     3
Dodge: Dodged            ||    10
